 Dungeon Crawl Stone Soup version 0.22.0-49-gab54619 (webtiles) character file.

73727 Loudmushroom the Cleaver (level 15, -1/97 HPs)
             Began as a Gargoyle Fighter on Sept 7, 2018.
             Was the Champion of Okawaru.
             Slain by a titanic slime creature (91 damage)
             ... on level 14 of the Dungeon on Sept 8, 2018.
             The game lasted 03:02:47 (27280 turns).

Loudmushroom the Cleaver (Gargoyle Fighter)        Turns: 27280, Time: 03:02:48

Health: -1/97      AC: 37    Str: 24    XL:     15   Next: 44%
Magic:  17/19      EV:  9    Int: 10    God:    Okawaru [******]
Gold:   623        SH: 22    Dex: 10    Spells: 14/14 levels left

rFire    + . .     SeeInvis .   a - +7 war axe (flame)
rCold    + . .     Gourm    .   R - +0 large shield
rNeg     + . .     Faith    .   B - +0 plate armour
rPois    ∞         Spirit   .   U - +2 hat
rElec    +         Reflect  .   K - scarf {rC+ rF+}
rCorr    +         Harm     .   G - +1 pair of gloves {archery}
MR       +....                  (no boots)
Stlth    ..........             (no amulet)
HPRegen  0.26/turn              E - ring of resist corrosion
MPRegen  0.16/turn              L - +3 ring of protection

@: heroism, flying
A: big wings, negative energy resistance 1, electricity resistance, unbreathing,
petrification resistance, rot immunity, AC +11
a: Stop Flying, Heroism, Finesse, Renounce Religion


You were on level 14 of the Dungeon.
You worshipped Okawaru.
Okawaru was exalted by your worship.
You were not hungry.

You visited 2 branches of the dungeon, and saw 20 of its levels.
You also visited: Ice Cave.

You collected 1575 gold pieces.
You spent 952 gold pieces at shops.

Inventory:

Hand Weapons
 a - a +7 war axe of flaming (weapon)
 b - a +0 hand crossbow of velocity
 c - the +5 war axe of Dried Tears {chop, +Blink Dex+3}
   (You found it on level 5 of the Dungeon)

   It inflicts extra damage upon your enemies.
   It affects your dexterity (+3).
   It lets you blink.
 e - a cursed -3 broad axe
Missiles
 p - 4 poisoned javelins (quivered)
 q - 148 bolts
 w - 5 javelins
Armour
 x - a +0 helmet of see invisible
 B - a +0 plate armour (worn)
 F - a +2 cloak
 G - a +1 pair of gloves of archery (worn)
 K - a scarf of resistance (worn)
 R - a +0 large shield (worn)
 U - a +2 hat (worn)
Jewellery
 j - an uncursed ring of see invisible
 E - a ring of resist corrosion (left hand)
 L - a +3 ring of protection (right hand)
 S - an uncursed ring of protection from fire
Wands
 g - a wand of acid (27)
 y - a wand of disintegration (15)
 A - a wand of clouds (15)
 C - a wand of scattershot (6)
 J - a wand of iceblast (13)
 N - a wand of polymorph (13)
 X - a wand of digging (18)
 Z - a wand of flame (6)
Scrolls
 i - 13 scrolls of remove curse
 k - 4 scrolls of identify
 r - 8 scrolls of magic mapping
 u - 6 scrolls of immolation
 v - 3 scrolls of fog
 H - 7 scrolls of teleportation
 I - a scroll of fear
 M - 3 scrolls of holy word
 Q - 2 scrolls of blinking
Potions
 d - 4 potions of might
 h - 9 potions of curing
 l - 4 potions of haste
 m - 2 potions of heal wounds
 n - 2 potions of agility
 o - 2 potions of lignification
 s - 2 potions of cancellation
 t - 4 potions of flight
 z - a potion of brilliance
 D - 2 potions of ambrosia
 O - a potion of mutation {unknown}
 W - a potion of invisibility {unknown}
 Y - 2 potions of resistance
Miscellaneous
 T - a phial of floods
 V - 2 sacks of spiders
Comestibles
 f - 31 rations


   Skills:
 + Level 12.9(17.9) Fighting
 * Level 14.6(19.6) Axes
 + Level 2.5(7.5) Crossbows
 + Level 12.9(17.9) Armour
 + Level 2.0(7.0) Dodging
 + Level 12.9(17.9) Shields
 + Level 5.6 Invocations
 + Level 4.6 Evocations


You had 14 spell levels left.
You didn't know any spells.
Your spell library contained the following spells:

 Spells                   Type           Power        Failure   Level  Hunger
 Corona                   Hex            #......      99%         1    ##.....
 Freeze                   Ice            #...         99%         1    ##.....
 Magic Dart               Conj           #...         99%         1    ##.....
 Sting                    Conj/Pois      #...         99%         1    ##.....
 Blink                    Tloc           N/A          100%        2    ###....
 Call Imp                 Summ           #.......     100%        2    ###....
 Ensorcelled Hibernation  Hex/Ice        #.....       100%        2    ###....
 Poisonous Vapours        Pois/Air       #.....       100%        2    ###....
 Slow                     Hex            #.......     100%        2    ###....
 Throw Frost              Conj/Ice       #.....       100%        2    ###....
 Confuse                  Hex            #.......     100%        3    ####...
 Conjure Flame            Conj/Fire      #.......     100%        3    ####...
 Dazzling Spray           Conj/Hex       #.....       100%        3    ####...
 Ignite Poison            Fire/Tmut/Pois #.......     100%        3    ####...
 Mephitic Cloud           Conj/Pois/Air  #.......     100%        3    ####...
 Ozocubu's Armour         Chrm/Ice       #.......     100%        3    ####...
 Tukima's Dance           Hex            #.......     100%        3    ####...
 Cause Fear               Hex            #.........   100%        4    #####..
 Olgreb's Toxic Radiance  Pois           #.......     100%        4    #####..
 Summon Ice Beast         Ice/Summ       #.......     100%        4    #####..
 Throw Icicle             Conj/Ice       #.......     100%        4    #####..
 Fireball                 Conj/Fire      #.........   100%        5    ######.
 Silence                  Hex/Air        #.........   100%        5    ######.
 Venom Bolt               Conj/Pois      #.........   100%        5    ######.
 Yara's Violent Unravell  Hex/Tmut       #.........   100%        5    ######.
 Bolt of Fire             Conj/Fire      #.........   100%        6    #######
 Deflect Missiles         Chrm/Air       #.........   100%        6    #######
 Ring of Flames           Chrm/Fire      #.........   100%        7    #######
 Discord                  Hex            #.........   100%        8    #######
 Ignition                 Fire           #.........   100%        8    #######


Dungeon Overview and Level Annotations

Branches:
Dungeon (14/15)            Temple (0/1) D:7            Lair (6/6) D:11
  Swamp (0/4) Lair:4       Spider (0/4) Lair:2        Slime (0/5) Lair:5
    Orc (0/2) D:11         Vaults (0/5) D:13

Altars:
Cheibriados
Elyvilon
Fedhas
Gozag
Makhleb
Nemelex Xobeh
Okawaru
Uskayaw
The Shining One
Jiyva

Shops:
D:13 *


Innate Abilities, Weirdness & Mutations

You are resistant to torment.
Your stone body is resilient. (AC +11)
You are immune to poison.
Your large and strong wings let you fly indefinitely.
You resist negative energy. (rN+)
You are resistant to electric shocks. (rElec)
You can survive without breathing.
You are immune to petrification.
You are immune to rotting.


Message History

You block the titanic slime creature's attack.
You hit the titanic slime creature. You burn the titanic slime creature.
The titanic slime creature is heavily wounded.
You slash the titanic slime creature! You burn the titanic slime creature.
The titanic slime creature is severely wounded.
The titanic slime creature barely misses you.
You hit the titanic slime creature. You burn the titanic slime creature.
The titanic slime creature is severely wounded.
The titanic slime creature hits you but does no damage.
You barely miss the titanic slime creature.
The titanic slime creature is severely wounded.
The titanic slime creature hits you!
All of the chunks of flesh in your inventory have rotted away.
You slice the titanic slime creature!! You burn the titanic slime creature!
The titanic slime creature is severely wounded.
You hit the titanic slime creature. You burn the titanic slime creature.
The titanic slime creature is severely wounded.
The titanic slime creature hits you!!!!
Ouch! That really hurt!
You die...

####+##.....###.###
#...............#
#..........######
#..........#
###.....# #.###.#
#.###.# #..##.#
##@##.# #J##.#
.[.#.# .#$.#.#
#.#....# # #.#..
#.#.. ...?>.


You could see a titanic slime creature.

Vanquished Creatures
  Nessos (D:13)
  6 dire elephants (Lair:6)
  Snorg (Lair:4)
  The ghost of Aviak the Fighter, a journeyman MiFi of Okawaru (D:11)
  Fannar (Lair:1)
  5 hydras
  A naga warrior (D:11)
  8 vault guards
  3 centaur warriors
  An anaconda (Lair:6)
  3 two-headed ogres
  Urug (D:13)
  7 death yaks
  A tengu warrior (D:12)
  2 unseen horrors
  2 orc knights
  Pikel (D:5)
  2 deep elf magi (D:10)
  An ugly thing (D:12)
  4 cyclopes
  A centaur zombie (D:12)
  6 black mambas
  Joseph (D:7)
  11 elephants
  A gargoyle (D:9)
  10 komodo dragons
  A torpor snail (Lair:6)
  7 spiny frogs
  A rime drake (Lair:4)
  2 kobold demonologists
  2 ice devils (IceCv)
  3 trolls (D:11)
  A polar bear (Lair:5)
  Grinder (D:5)
  12 dream sheep
  20 blink frogs
  10 hippogriffs
  Sigmund (D:3)
  A shadow (D:13)
  2 basilisks
  3 hogs (D:9)
  2 wyverns
  A human (D:9)
  38 yaks
  2 hungry ghosts
  Menkaure (D:7)
  8 water moccasins
  10 porcupines
  6 orc warriors
  2 sky beasts
  A swamp drake (D:10)
  A phantom (D:5)
  4 ice beasts
  An eye of draining (D:12)
  A necrophage (D:6)
  10 ogres
  12 centaurs
  32 wolves
  5 crocodiles
  A big kobold (D:8)
  A gnoll sergeant (D:9)
  2 wyvern zombies
  8 bullfrogs
  A wyvern skeleton (D:6)
  2 scorpions
  A jelly (D:7)
  A water moccasin skeleton (D:7)
  16 killer bees
  7 wights
  A howler monkey (D:2)
  An electric eel (Lair:6)
  10 crimson imps
  A bullfrog skeleton (D:7)
  An iron imp (D:10)
  2 centaur skeletons
  3 hounds
  10 orc wizards
  2 gnoll shamans
  10 orc priests
  Crazy Yiuf (D:6)
  5 iguanas
  8 worker ants
  A hound skeleton (D:5)
  13 gnolls
  13 adders
  A howler monkey skeleton (D:4)
  7 shadow imps
  13 white imps
  An adder zombie (D:8)
  An adder skeleton (D:4)
  6 worms
  4 dart slugs
  11 leopard geckos
  64 orcs
  4 bats
  5 giant cockroaches
  6 goblins
  7 hobgoblins
  25 jackals
  12 kobolds
  6 quokkas
  2 ball pythons
  3 frilled lizards
  4 goblin skeletons (D:7)
  3 hobgoblin zombies (D:7)
  A kobold skeleton (D:7)
  A kobold zombie (D:7)
  An orc skeleton (D:7)
  A quokka skeleton (D:4)
  6 rats
  3 fungi
  8 plants
614 creatures vanquished.

Vanquished Creatures (others)
  2 slaves (D:5)
  An orc wizard (D:5)
  3 orcs (D:5)
  2 quokkas (D:5)
  3 bushes (Lair:6)
  7 fungi
  11 plants
29 creatures vanquished.

Grand Total: 643 creatures vanquished

Notes
Turn   | Place    | Note
-------+----------+-------------------------------------------
     0 | D:1      | Loudmushroom the Gargoyle Fighter began the quest for the
                  | Orb.
     0 | D:1      | Reached XP level 1. HP: 14/14 MP: 1/1
   107 | D:1      | Reached skill level 2 in Axes
   107 | D:1      | Reached XP level 2. HP: 19/19 MP: 2/2
   252 | D:1      | Reached XP level 3. HP: 15/23 MP: 3/3
  1051 | D:2      | Reached XP level 4. HP: 21/29 MP: 4/4
  1452 | D:2      | Reached skill level 3 in Axes
  1452 | D:2      | Reached XP level 5. HP: 33/33 MP: 5/5
  1903 | D:2      | Found a burning altar of Makhleb.
  1905 | D:2      | Noticed an Executioner
  1909 | D:2      | Noticed an orange demon
  1909 | D:2      | Noticed an orange demon
  2525 | D:3      | Noticed Sigmund
  2544 | D:3      | Killed Sigmund
  2544 | D:3      | Reached skill level 4 in Axes
  2544 | D:3      | Reached XP level 6. HP: 39/39 MP: 6/6
  3545 | D:4      | Reached XP level 7. HP: 39/44 MP: 7/7
  4406 | D:5      | Entered Level 5 of the Dungeon
  4628 | D:5      | Noticed Pikel
  4675 | D:5      | Killed Pikel
  4675 | D:5      | Reached skill level 5 in Fighting
  4675 | D:5      | Reached skill level 5 in Axes
  4675 | D:5      | Reached skill level 5 in Armour
  4675 | D:5      | Reached skill level 5 in Shields
  4675 | D:5      | Reached XP level 8. HP: 29/50 MP: 8/8
  5489 | D:5      | Noticed Grinder
  5503 | D:5      | Paralysed by Grinder for 3 turns
  5511 | D:5      | Paralysed by Grinder for 5 turns
  5519 | D:5      | Paralysed by Grinder for 5 turns
  5525 | D:5      | Paralysed by Grinder for 2 turns
  5533 | D:5      | Paralysed by Grinder for 6 turns
  5539 | D:5      | Killed Grinder
  5539 | D:5      | Reached skill level 6 in Axes
  5818 | D:5      | Got a twisted war axe
  6192 | D:5      | Identified the +5 war axe of Dried Tears {chop, +Blink
                  | Dex+3} (You found it on level 5 of the Dungeon)
  6310 | D:6      | Reached XP level 9. HP: 56/56 MP: 9/9
  6706 | D:6      | Reached skill level 7 in Axes
  6812 | D:6      | Found a snail-covered altar of Cheibriados.
  6839 | D:6      | Found a runed door.
  6908 | D:6      | Noticed Crazy Yiuf
  6977 | D:6      | Killed Crazy Yiuf
  7086 | D:6      | Found an iron altar of Okawaru.
  7094 | D:6      | Became a worshipper of Warmaster Okawaru
  7123 | D:6      | Found a sparkling altar of Nemelex Xobeh.
  7125 | D:6      | Found a hide-covered altar of Uskayaw.
  7420 | D:7      | Noticed Joseph
  7434 | D:7      | Killed Joseph
  7434 | D:7      | Reached * piety under Okawaru
  7643 | D:7      | Found a staircase to the Ecumenical Temple.
  8117 | D:7      | Found a glowing golden altar of the Shining One.
  8118 | D:7      | Noticed Menkaure
  8127 | D:7      | Killed Menkaure
  8127 | D:7      | Reached skill level 8 in Axes
  8593 | D:7      | Reached ** piety under Okawaru
  8602 | D:7      | Reached XP level 10. HP: 59/63 MP: 10/10
  9331 | D:8      | Reached *** piety under Okawaru
  9854 | D:9      | Reached skill level 9 in Axes
 10115 | D:9      | Reached **** piety under Okawaru
 10232 | D:9      | Noticed a gargoyle
 10237 | D:9      | Killed a gargoyle
 10293 | D:9      | Found a sparkling altar of Nemelex Xobeh.
 10534 | D:9      | Reached XP level 11. HP: 63/69 MP: 11/11
 10634 | D:9      | Reached skill level 10 in Axes
 10790 | D:10     | Entered Level 10 of the Dungeon
 10977 | D:10     | Noticed a two-headed ogre
 10988 | D:10     | Killed a two-headed ogre
 11222 | D:10     | Reached ***** piety under Okawaru
 11584 | D:10     | Noticed a deep elf mage
 11588 | D:10     | Killed a deep elf mage
 11601 | D:10     | Noticed a deep elf mage
 11613 | D:10     | Killed a deep elf mage
 11613 | D:10     | Received a gift from Okawaru
 11893 | D:11     | Noticed a cyclops
 11908 | D:10     | Killed a cyclops
 12020 | D:11     | Noticed a death yak
 12022 | D:11     | Noticed a four-headed hydra
 12022 | D:11     | Noticed a death yak
 12023 | D:11     | Noticed a death yak
 12026 | D:11     | Noticed a death yak
 12039 | D:10     | Killed a death yak
 12112 | D:10     | Killed a death yak
 12112 | D:10     | Reached skill level 11 in Axes
 12254 | D:11     | Noticed a death yak
 12261 | D:10     | Killed a four-headed hydra
 12261 | D:10     | Reached skill level 10 in Shields
 12261 | D:10     | Reached XP level 12. HP: 77/77 MP: 9/12
 12312 | D:10     | Killed a death yak
 12312 | D:10     | Reached skill level 10 in Fighting
 12312 | D:10     | Reached skill level 10 in Armour
 12456 | D:11     | Noticed a death yak
 12457 | D:11     | Noticed a death yak
 12482 | D:10     | Killed a death yak
 12706 | D:10     | Killed a death yak
 12949 | D:11     | Killed a death yak
 12951 | D:11     | Killed a death yak
 13101 | D:11     | Found a staircase to the Lair.
 13173 | Lair:1   | Entered Level 1 of the Lair of Beasts
 13361 | Lair:1   | Found a frozen archway.
 13453 | IceCv    | Entered an ice cave
 13716 | Lair:1   | Noticed a seven-headed hydra
 13732 | Lair:1   | Killed a seven-headed hydra
 13732 | Lair:1   | Reached skill level 12 in Axes
 14286 | Lair:1   | Noticed Fannar
 14310 | Lair:1   | Killed Fannar
 14660 | Lair:1   | Received a gift from Okawaru
 15062 | Lair:2   | Found a hole to the Spider Nest.
 15250 | Lair:2   | Reached XP level 13. HP: 84/84 MP: 13/13
 17267 | Lair:3   | Received a gift from Okawaru
 17686 | Lair:4   | Found a staircase to the Swamp.
 17835 | Lair:4   | Noticed Snorg
 17843 | Lair:4   | Killed Snorg
 17909 | Lair:4   | Reached skill level 13 in Axes
 18547 | Lair:4   | Received a gift from Okawaru
 19021 | Lair:5   | Got a brightly glowing hat
 19054 | Lair:4   | Identified the +2 hat "Qyaz" {*Corrode rElec Regen+ SInv}
                  | (You found it on level 5 of the Lair of Beasts)
 19289 | Lair:5   | Found a viscous altar of Jiyva.
 19289 | Lair:5   | Found a staircase to the Slime Pits.
 19763 | Lair:6   | Entered Level 6 of the Lair of Beasts
 19774 | Lair:5   | Reached skill level 1 in Invocations
 20003 | Lair:5   | Reached skill level 1 in Evocations
 20068 | Lair:5   | Received a gift from Okawaru
 20119 | Lair:5   | Gained mutation: Your large and strong wings let you fly
                  | indefinitely. [Gargoyle growth]
 20119 | Lair:5   | Reached XP level 14. HP: 86/91 MP: 15/15
 21073 | Lair:5   | Reached ****** piety under Okawaru
 21295 | Lair:6   | Received a gift from Okawaru
 21623 | Lair:6   | Noticed a dire elephant
 21643 | Lair:6   | Killed a dire elephant
 21666 | Lair:6   | Noticed a dire elephant
 21690 | Lair:6   | Killed a dire elephant
 21885 | Lair:6   | Noticed a dire elephant
 21885 | Lair:6   | Noticed a dire elephant
 21894 | Lair:6   | Killed a dire elephant
 21899 | Lair:6   | Killed a dire elephant
 21899 | Lair:6   | Reached skill level 14 in Axes
 21928 | Lair:6   | Got a blackened chain mail
 21941 | Lair:6   | Identified the +7 chain mail "Komoekag" {*Contam rElec
                  | Str+6} (You found it on level 6 of the Lair of Beasts)
 22232 | Lair:6   | Noticed a dire elephant
 22246 | Lair:6   | Killed a dire elephant
 22474 | Lair:6   | Noticed a dire elephant
 22493 | Lair:6   | Killed a dire elephant
 23289 | D:11     | Found a staircase to the Orcish Mines.
 23801 | D:11     | Found an opulent altar of Gozag.
 24307 | D:12     | Found a runed gate.
 24307 | D:12     | Found a runed gate.
 24307 | D:12     | Found a runed gate.
 24313 | D:12     | Noticed Aviak's ghost (journeyman MiFi)
 24319 | D:12     | Found an iron altar of Okawaru.
 24693 | D:12     | Found a white marble altar of Elyvilon.
 25007 | D:11     | Killed Aviak's ghost
 25007 | D:11     | Reached skill level 1 in Crossbows
 25141 | D:11     | Reached XP level 15. HP: 86/97 MP: 18/18
 25462 | D:12     | Received a gift from Okawaru
 25462 | D:12     | Reached skill level 1 in Dodging
 25462 | D:12     | Reached skill level 5 in Invocations
 25643 | D:13     | Found Guaxzigh's Assorted Antiques.
 25646 | D:13     | Bought a pitted plate armour for 952 gold pieces
 25656 | D:13     | Identified the cursed +1 plate armour of Ushruab {rC-
                  | Regen+ MP+9 Dex+2} (You bought it in a shop on level 13 of
                  | the Dungeon)
 25772 | D:13     | Found a blossoming altar of Fedhas.
 25801 | D:13     | Noticed Nessos
 25818 | D:13     | Killed Nessos
 26525 | D:13     | Found a gate to the Vaults.
 26596 | D:13     | Noticed Urug
 26607 | D:13     | Killed Urug
 27280 | D:14     | Slain by a titanic slime creature

Skill      XL: |  1  2  3  4  5  6  7  8  9 10 11 12 13 14 15 |
---------------+----------------------------------------------+-----
Axes           | 2 3 4 5 6 8 9 11 12 13 14 | 14.6
Fighting       | 4 5 6 7 8 9 10 11 12 | 12.9
Armour         | 4 5 6 7 8 9 11 12 | 12.9
Shields        | 4 5 6 7 8 10 11 12 | 12.9
Invocations    | 1 4 5 |  5.6
Evocations     | 1 3 4 |  4.6
Crossbows      | 1 2 |  2.5
Dodging        | 2 |  2.0

Action                   |  1- 3 |  4- 6 |  7- 9 | 10-12 | 13-15 || total
-------------------------+-------+-------+-------+-------+-------++-------
Melee: War axe           |   119 |   195 |   362 |   511 |   988 ||  2175
       Morningstar       |       |       |       |    88 |    19 ||   107
 Fire: Hunting sling     |       |       |       |    20 |     4 ||    24
Invok: Heroism           |       |       |       |     5 |    12 ||    17
 Abil: Fly               |       |       |       |       |     1 ||     1
  Use: Scroll            |       |       |    12 |     9 |    18 ||    39
  Eat: Chunk             |     1 |     8 |    13 |    15 |    35 ||    72
       Ration            |       |       |     1 |     3 |     1 ||     5
Armor: Scale mail        |    80 |   107 |    73 |       |       ||   260
       Plate armour      |       |       |   116 |   381 |   614 ||  1111
Dodge: Dodged            |    33 |    51 |    62 |    99 |   206 ||   451
Block: Shield            |    58 |   105 |   179 |   432 |   698 ||  1472
       Large shield      |       |       |       |       |    67 ||    67
